BSA
NASSAU ROCKETS @ IRVINE GANG GREEN
07/13/2025
 
TOP OF THE 1ST
Nassau Rockets batting - Pitching for Irvine Gang Green : LHP Masutaro Koyama
Pitching: LHP Masutaro Koyama
Batting: RHB Francisco Rincón 0-0: SINGLE (Groundball, 56)
Batting: SHB Howard Parker Pickoff Throw to First - Out!
0-0: Ball
1-0: Ball
2-0: Foul Ball, location: 2F
2-1: Swinging Strike
2-2: Ground out 4-3 (Groundball, 4)
Batting: LHB Andrew Alvarado 0-0: Ball
1-0: Called Strike
1-1: Ball
2-1: Ball
3-1: Called Strike
3-2: Strikes out swinging
Top of the 1st over - 0 run(s), 1 hit(s), 0 error(s), 0 left on base; Nassau 0 - Irvine 0
BOTTOM OF THE 1ST
Irvine Gang Green batting - Pitching for Nassau Rockets : RHP Valentín Luna
Pitching: RHP Valentín Luna
Batting: LHB Tony Tavárez 0-0: Ball
1-0: Fly out, F8 (Flyball, 8LM)
Batting: LHB Víctor Quiñones 0-0: Called Strike
0-1: Called Strike
0-2: Ball
1-2: Ball
2-2: Ground out 3-1 (Groundball, 34S)
Batting: RHB Manny Copriviza 0-0: Ball
1-0: Ball
2-0: Ball
3-0: Base on Balls
Batting: LHB Jesús Campos 0-0: Called Strike
0-1: Ball
1-1: Ball
2-1: Fly out, F2 (Popup, 5SF)
Bottom of the 1st over - 0 run(s), 0 hit(s), 0 error(s), 1 left on base; Nassau 0 - Irvine 0
TOP OF THE 2ND
Nassau Rockets batting - Pitching for Irvine Gang Green : LHP Masutaro Koyama
Batting: SHB Chris Bennis 0-0: Called Strike
0-1: Swinging Strike
0-2: Ball
1-2: Strikes out swinging
Batting: RHB Shih-k'ai Huang 0-0: Ball
1-0: Called Strike
1-1: Ball
2-1: Swinging Strike
2-2: Ball
3-2: Ground out 6-3 (Groundball, 6M)
Batting: RHB Yaichiro Sugahara 0-0: Fly out, F7 (Flyball, 78M)
Top of the 2nd over - 0 run(s), 0 hit(s), 0 error(s), 0 left on base; Nassau 0 - Irvine 0
BOTTOM OF THE 2ND
Irvine Gang Green batting - Pitching for Nassau Rockets : RHP Valentín Luna
Batting: LHB Leonardo Medina 0-0: Swinging Strike
0-1: Ball
1-1: Ball
2-1: Ball
3-1: Base on Balls
Batting: LHB Bill Murphy 0-0: Called Strike
0-1: Foul Ball, location: 2F
0-2: Strikes out swinging
Batting: RHB Raúl Salas 0-0: Ball
1-0: Ball
2-0: DOUBLE (Flyball, 78XD)
Leonardo Medina to third
Batting: RHB José Salazar 0-0: Fly out, F9 (Flyball, 9M)
Runner from 3rd tags up, SCORES, no throw
Batting: RHB Pepe González 0-0: Called Strike
0-1: Ball
1-1: Ball
2-1: Ground out 5-3 (Groundball, 56S)
Bottom of the 2nd over - 1 run(s), 1 hit(s), 0 error(s), 1 left on base; Nassau 0 - Irvine 1
TOP OF THE 3RD
Nassau Rockets batting - Pitching for Irvine Gang Green : LHP Masutaro Koyama
Batting: RHB Vern Carlton 0-0: Ground out 5-3 (Groundball, 56)
Batting: LHB Rafael Delgado 0-0: Ground out 1-3 (Groundball, 25)
Batting: SHB Suezo Sugimoto 0-0: Called Strike
0-1: Foul Ball, location: 2F
0-2: Ground out 2-3 (Groundball, 25)
Top of the 3rd over - 0 run(s), 0 hit(s), 0 error(s), 0 left on base; Nassau 0 - Irvine 1
BOTTOM OF THE 3RD
Irvine Gang Green batting - Pitching for Nassau Rockets : RHP Valentín Luna
Batting: LHB Tony Tavárez 0-0: Fly out, F7 (Flyball, 7D)
Batting: LHB Víctor Quiñones 0-0: Ball
1-0: Foul Ball, location: 2F
1-1: SOLO HOME RUN (Flyball, 9D), Distance : 411 ft
Batting: RHB Manny Copriviza 0-0: Ball
1-0: Swinging Strike
1-1: Swinging Strike
1-2: Strikes out looking
Batting: LHB Jesús Campos 0-0: Called Strike
0-1: Ball
1-1: Ball
2-1: Foul Ball, location: 2F
2-2: Ground out 3-1 (Groundball, 34)
Bottom of the 3rd over - 1 run(s), 1 hit(s), 0 error(s), 0 left on base; Nassau 0 - Irvine 2
TOP OF THE 4TH
Nassau Rockets batting - Pitching for Irvine Gang Green : LHP Masutaro Koyama
Batting: RHB Francisco Rincón 0-0: Called Strike
0-1: Ball
1-1: Ball
2-1: Ball
3-1: Foul Ball, location: 2F
3-2: Strikes out swinging
Batting: SHB Howard Parker 0-0: Ball
1-0: Called Strike
1-1: Foul Ball, location: 2F
1-2: Ball
2-2: Ground out 6-3 (Groundball, 6M)
Batting: LHB Andrew Alvarado 0-0: Called Strike
0-1: Foul Ball, location: 2F
0-2: Strikes out swinging
Top of the 4th over - 0 run(s), 0 hit(s), 0 error(s), 0 left on base; Nassau 0 - Irvine 2
BOTTOM OF THE 4TH
Irvine Gang Green batting - Pitching for Nassau Rockets : RHP Valentín Luna
Batting: LHB Leonardo Medina 0-0: Swinging Strike
0-1: Ball
1-1: SINGLE (Line Drive, 4D)
Batting: LHB Bill Murphy 0-0: Called Strike
0-1: Foul Ball, location: 2F
0-2: Ball
1-2: Grounds out, U3 (Groundball, 3L)
Batting: RHB Raúl Salas 0-0: Ball
1-0: Called Strike
1-1: Ball
2-1: Fly out, F5 (Popup, 25)
Batting: RHB José Salazar 0-0: Ball
1-0: Foul Ball, location: 2F
1-1: Fly out, F9 (Popup, 9S)
Bottom of the 4th over - 0 run(s), 1 hit(s), 0 error(s), 1 left on base; Nassau 0 - Irvine 2
TOP OF THE 5TH
Nassau Rockets batting - Pitching for Irvine Gang Green : LHP Masutaro Koyama
Batting: SHB Chris Bennis 0-0: Ball
1-0: Ball
2-0: Foul Ball, location: 2F
2-1: Foul Ball, location: 2F
2-2: Fly out, F8 (Flyball, 8LS)
Batting: RHB Shih-k'ai Huang 0-0: Ball
1-0: Called Strike
1-1: Ball
2-1: Called Strike
2-2: Strikes out looking
Batting: RHB Yaichiro Sugahara 0-0: Ball
1-0: Swinging Strike
1-1: Ball
2-1: Foul Ball, location: 2F
2-2: Strikes out swinging
Top of the 5th over - 0 run(s), 0 hit(s), 0 error(s), 0 left on base; Nassau 0 - Irvine 2
BOTTOM OF THE 5TH
Irvine Gang Green batting - Pitching for Nassau Rockets : RHP Valentín Luna
Batting: RHB Pepe González 0-0: Called Strike
0-1: Called Strike
0-2: Ground out 2-3 (Groundball, 25)
Batting: LHB Tony Tavárez 0-0: Fly out, F7 (Flyball, 7M)
Batting: LHB Víctor Quiñones 0-0: Ball
1-0: Called Strike
1-1: Called Strike
1-2: Foul Ball, location: 2F
1-2: Ball
2-2: Foul Ball, location: 2F
2-2: Ball
3-2: SOLO HOME RUN (Line Drive, 89XD), Distance : 439 ft
Batting: RHB Manny Copriviza 0-0: Fly out, F8 (Flyball, 8RXD)
Bottom of the 5th over - 1 run(s), 1 hit(s), 0 error(s), 0 left on base; Nassau 0 - Irvine 3
TOP OF THE 6TH
Nassau Rockets batting - Pitching for Irvine Gang Green : LHP Masutaro Koyama
Batting: RHB Vern Carlton 0-0: Ball
1-0: Called Strike
1-1: Foul Ball, location: 2F
1-2: Ball
2-2: Foul Ball, location: 2F
2-2: Strikes out looking
Batting: LHB Phil Smith 0-0: Foul Ball, location: 2F
0-1: Called Strike
0-2: Ball
1-2: Strikes out swinging
Batting: SHB Suezo Sugimoto 0-0: Called Strike
0-1: Ball
1-1: Foul Ball, location: 2F
1-2: Foul Ball, location: 2F
1-2: Fly out, F9 (Flyball, 89D)
Top of the 6th over - 0 run(s), 0 hit(s), 0 error(s), 0 left on base; Nassau 0 - Irvine 3
BOTTOM OF THE 6TH
Irvine Gang Green batting - Pitching for Nassau Rockets : RHP Valentín Luna
Now in CF: Phil Smith
Batting: LHB Jesús Campos 0-0: Ball
1-0: Ball
2-0: Fly out, F9 (Flyball, 89M)
Batting: LHB Leonardo Medina 0-0: Called Strike
0-1: Ball
1-1: Called Strike
1-2: Ball
2-2: Ground out 4-3 (Groundball, 4)
Batting: LHB Bill Murphy 0-0: DOUBLE (Line Drive, 78M)
Batting: RHB Raúl Salas 0-0: Called Strike
0-1: Ball
1-1: Fly out, F7 (Line Drive, 7M)
Bottom of the 6th over - 0 run(s), 1 hit(s), 0 error(s), 1 left on base; Nassau 0 - Irvine 3
TOP OF THE 7TH
Nassau Rockets batting - Pitching for Irvine Gang Green : LHP Masutaro Koyama
Batting: RHB Francisco Rincón 0-0: Called Strike
0-1: Ground out 6-3 (Groundball, 6)
Batting: SHB Howard Parker 0-0: Called Strike
0-1: Swinging Strike
0-2: Ball
1-2: Foul Ball, location: 2F
1-2: Strikes out swinging
Batting: LHB Andrew Alvarado 0-0: Ground out 3-1 (Groundball, 34)
Top of the 7th over - 0 run(s), 0 hit(s), 0 error(s), 0 left on base; Nassau 0 - Irvine 3
BOTTOM OF THE 7TH
Irvine Gang Green batting - Pitching for Nassau Rockets : RHP Valentín Luna
Batting: RHB José Salazar 0-0: Foul Ball, location: 2F
0-1: Foul Ball, location: 2F
0-2: Ball
1-2: Strikes out swinging
Batting: RHB Pepe González 0-0: Ball
1-0: Swinging Strike
1-1: Ball
2-1: Ball
3-1: Ground out 5-3 (Groundball, 56S)
Batting: LHB Tony Tavárez 0-0: Called Strike
0-1: Foul Ball, location: 2F
0-2: Ball
1-2: Foul Ball, location: 2F
1-2: Ball
2-2: Ball
3-2: Foul Ball, location: 2F
3-2: Base on Balls
Pitching: LHP Kai-ge Hui
Batting: LHB Víctor Quiñones 0-0: Ball
1-0: Ball
2-0: Ball
3-0: Base on Balls
Tony Tavárez to second
Batting: RHB Manny Copriviza 0-0: Ball
1-0: Ball
2-0: Ball
3-0: Called Strike
3-1: Base on Balls
Tony Tavárez to third
Víctor Quiñones to second
Pinch Hitting: RHB Eichiro Yamamoto 0-0: Ball
1-0: DOUBLE (Flyball, 8RD)
Tony Tavárez scores
Víctor Quiñones scores
Manny Copriviza to third
Runner from 3rd tries for Home, SAFE, throw made home
Batting: LHB Leonardo Medina 0-0: Called Strike
0-1: Called Strike
0-2: TRIPLE (Line Drive, 89D)
Eichiro Yamamoto scores
Pitching: RHP Tomás Molina
Batting: LHB Bill Murphy 0-0: Swinging Strike
0-1: Foul Ball, location: 2F
0-2: Foul Ball, location: 2F
0-2: Ball
1-2: Foul Ball, location: 2F
1-2: Ball
2-2: Foul Ball, location: 2F
2-2: Ball
3-2: Strikes out swinging
Bottom of the 7th over - 4 run(s), 2 hit(s), 0 error(s), 1 left on base; Nassau 0 - Irvine 7
TOP OF THE 8TH
Nassau Rockets batting - Pitching for Irvine Gang Green : LHP Masutaro Koyama
Now in RF: Eichiro Yamamoto
Batting: SHB Chris Bennis 0-0: Ball
1-0: Called Strike
1-1: Swinging Strike
1-2: Foul Ball, location: 2F
1-2: Ground out 5-3 (Groundball, 56S)
Batting: RHB Shih-k'ai Huang 0-0: Foul Ball, location: 2F
0-1: Ball
1-1: Ball
2-1: Called Strike
2-2: Strikes out swinging
Batting: RHB Yaichiro Sugahara 0-0: Called Strike
0-1: Called Strike
0-2: Foul Ball, location: 2F
0-2: Foul Ball, location: 2F
0-2: Strikes out looking
Top of the 8th over - 0 run(s), 0 hit(s), 0 error(s), 0 left on base; Nassau 0 - Irvine 7
BOTTOM OF THE 8TH
Irvine Gang Green batting - Pitching for Nassau Rockets : RHP Tomás Molina
Batting: RHB Raúl Salas 0-0: Ball
1-0: Ball
2-0: Foul Ball, location: 2F
2-1: Called Strike
2-2: Foul Ball, location: 2F
2-2: Ball
3-2: Foul Ball, location: 2F
3-2: Base on Balls
Batting: RHB José Salazar 0-0: Ball
1-0: SINGLE (Line Drive, 4M)
Raúl Salas to second
Batting: RHB Pepe González 0-0: Ball
1-0: Foul Ball, location: 2F
1-1: Lines into TRIPLE play, 4-3 (Line Drive, 4)
Bottom of the 8th over - 0 run(s), 1 hit(s), 0 error(s), 0 left on base; Nassau 0 - Irvine 7
TOP OF THE 9TH
Nassau Rockets batting - Pitching for Irvine Gang Green : LHP Masutaro Koyama
Batting: RHB Vern Carlton 0-0: Ball
1-0: Ball
2-0: Called Strike
2-1: Foul Ball, location: 2F
2-2: Ball
3-2: Strikes out swinging
Batting: LHB Phil Smith 0-0: Ball
1-0: Called Strike
1-1: Called Strike
1-2: Strikes out swinging
Batting: SHB Suezo Sugimoto 0-0: Swinging Strike
0-1: Ball
1-1: Foul Ball, location: 2F
1-2: Ball
2-2: Strikes out looking
Top of the 9th over - 0 run(s), 0 hit(s), 0 error(s), 0 left on base; Nassau 0 - Irvine 7
This league is powered by Out of the Park Baseball, the baseball management simulation game for PC, Mac and Linux
Tuesday, August 2nd, 2016 - OOTP Baseball 16.8 Build 38